AoeStats
← 恆浪蕩

Arena

508828769Analyzed
4v4 RM · 7d ago on Sep 24, 2026· 52m 45s· 8 players
Game mode
Random Map
Map size
Large (8 player)
Population
200
Speed
Normal
Resources
Standard
Victory
Conquest
Starting age
Dark Age
Ending age
Imperial Age
RankedLock teamsTeams togetherTeam positionsShared explorationLock speedFull tech treeHidden civsTurbo modeCheats
Victory
Defeat
🇹🇼 Goths · Taiwan
1681
+9
🇦🇷 Dravidians · Argentina
1664
+10
🇹🇼 Cumans · Taiwan
1605
+12
🇹🇼 Inca · Taiwan
1446
+18
🇹🇷 Persians · Türkiye
1571
-14
🇩🇪 Saracens · Germany
1550
-14
🇬🇧 Sicilians · United Kingdom
1511
-12
🇮🇹 Bengalis · Italy
1436
-9
mandrews27
9:57 Feudal Age
9:01 Loom
13:40 Castle Age
17:41 Double-Bit Axe
18:27 Horse Collar
23:26 Bow Saw
24:30 Wheelbarrow
26:40 Fletching
27:18 First Crusade
28:35 Scale Mail Armor
30:12 Hand Cart
30:10 Forging
30:16 Chain Mail Armor
30:11 Forging
30:44 Heavy Plow
31:08 Chain Mail Armor
31:20 Squires
32:04 Iron Casting
31:18 Town Watch
31:38 Arson
35:38 Imperial Age
34:20 Stone Mining
34:22 Gold Mining
35:10 Town Patrol
35:47 Elite Serjeant
37:37 Plate Mail Armor
39:05 Blast Furnace
40:39 Conscription
40:37 Bodkin Arrow
41:05 Scale Barding Armor
42:22 Bracer
43:55 Pikeman
46:38 Halberdier
49:54 Masonry
52:26 Padded Archer Armor
GdR_Tuna
11:06 Feudal Age
16:10 Castle Age
14:37 Double-Bit Axe
14:48 Horse Collar
17:22 Bow Saw
18:27 Wheelbarrow
19:48 Loom
23:50 Gold Mining
23:50 Stone Mining
24:17 Heavy Plow
26:29 Hand Cart
30:25 Imperial Age
28:38 Scale Barding Armor
28:27 Fletching
28:37 Padded Archer Armor
29:06 Ballistics
28:57 Masonry
28:59 Paiks
30:11 Bloodlines
30:01 Husbandry
30:00 Bodkin Arrow
30:21 Leather Archer Armor
30:28 Elite Elephant Archer
31:11 Bracer
32:13 Chemistry
31:39 Conscription
32:30 Two-Man Saw
32:02 Crop Rotation
31:24 Stone Mining
32:11 Gold Shaft Mining
32:56 Town Watch
34:47 Ring Archer Armor
34:24 Siege Engineers
34:50 Architecture
35:27 Elite Battle Elephant
36:27 Scale Barding Armor
36:32 Forging
37:41 Mahayana
39:09 Chain Barding Armor
40:05 Caravan
42:58 Town Patrol
43:51 Plate Barding Armor
43:52 Iron Casting
Allison
10:06 Feudal Age
14:36 Castle Age
12:34 Double-Bit Axe
15:31 Bow Saw
15:50 Horse Collar
19:57 Fervor
21:11 Heavy Plow
23:00 Wheelbarrow
22:46 Loom
22:56 Stone Mining
22:59 Town Watch
23:55 Gold Mining
25:19 Hand Cart
29:57 Imperial Age
28:11 Scale Barding Armor
28:17 Forging
29:22 Husbandry
29:33 Bloodlines
29:44 Chain Barding Armor
29:53 Caravan
30:34 Iron Casting
29:36 Cavalier
31:45 Plate Barding Armor
32:02 Conscription
32:26 Gold Shaft Mining
32:52 Crop Rotation
33:23 Two-Man Saw
34:06 Blast Furnace
32:27 Savar
34:17 Fletching
38:41 Town Patrol
40:35 Hoardings
41:08 Chemistry
40:19 Masonry
41:05 Bodkin Arrow
41:27 Citadels
42:53 Kamandaran
42:55 Padded Archer Armor
43:32 Crossbowman
44:29 Leather Archer Armor
45:35 Thumb Ring
46:01 Ring Archer Armor
46:19 Ballistics
47:20 Architecture
49:28 Murder Holes
Poggle-der-Fisch
8:27 Feudal Age
8:54 Loom
10:26 Fletching
16:04 Horse Collar
16:14 Double-Bit Axe
23:26 Castle Age
24:19 Bodkin Arrow
23:47 Crossbowman
29:19 Bloodlines
29:41 Husbandry
32:32 Wheelbarrow
31:42 Town Watch
32:35 Bow Saw
33:23 Scale Mail Armor
33:31 Scale Barding Armor
33:25 Stone Mining
33:27 Gold Mining
34:35 Chain Barding Armor
36:15 Hand Cart
37:26 Forging
42:18 Imperial Age
41:23 Iron Casting
41:52 Gold Shaft Mining
44:18 Plate Barding Armor
45:19 Light Cavalry
46:18 Elite Mameluke
47:42 Conscription
49:43 Blast Furnace
51:23 Hoardings
默默默默默
9:36 Feudal Age
13:17 Castle Age
12:22 Horse Collar
12:28 Double-Bit Axe
15:35 Bow Saw
18:03 Loom
21:50 Wheelbarrow
21:35 Town Watch
24:08 Hand Cart
28:51 Imperial Age
27:45 Scale Mail Armor
27:55 Forging
29:15 Chain Mail Armor
30:41 Plate Mail Armor
30:47 Iron Casting
29:41 Siege Elephant
30:59 Gold Mining
30:59 Stone Mining
30:49 Pikeman
31:30 Squires
31:39 Fletching
31:23 Halberdier
33:08 Iron Casting
32:08 Elite Elephant Archer
32:48 Bodkin Arrow
32:54 Padded Archer Armor
33:13 Thumb Ring
34:27 Iron Casting
34:06 Bracer
34:44 Leather Archer Armor
34:52 Ballistics
35:38 Chemistry
36:10 Wootz Steel
36:24 Caravan
36:37 Medical Corps
38:21 Ballistics
39:20 Ring Archer Armor
39:51 Blast Furnace
40:34 Masonry
40:47 Bombard Tower
42:17 Scale Barding Armor
47:14 Coinage
46:47 Heavy Plow
51:57 Two-Man Saw
肉肉小狗
5:47 Loom
8:22 Feudal Age
13:50 Double-Bit Axe
21:00 Castle Age
18:59 Horse Collar
19:24 Gold Mining
19:44 Fletching
22:05 Bow Saw
23:53 Wheelbarrow
28:08 Padded Archer Armor
28:04 Bodkin Arrow
28:10 Crossbowman
29:09 Hand Cart
33:28 Imperial Age
31:41 Leather Archer Armor
31:48 Ballistics
31:37 Heavy Plow
32:03 Thumb Ring
31:29 Pikeman
33:22 Treadmill Crane
34:07 Squires
34:14 Bracer
34:22 Scale Mail Armor
34:36 Stone Mining
34:09 Halberdier
35:50 Chain Mail Armor
35:46 Forging
35:46 Town Watch
37:16 Murder Holes
38:00 Conscription
38:27 Plate Mail Armor
38:33 Iron Casting
39:07 Siege Engineers
40:04 Chemistry
39:00 Arson
39:18 Town Patrol
40:03 Ring Archer Armor
39:45 Guard Tower
39:41 Arrowslits
41:24 Blast Furnace
41:29 Masonry
42:58 Caravan
44:39 Keep
44:37 Arbalester
45:58 Fortified Wall
47:37 Stone Shaft Mining
47:38 Gold Shaft Mining
47:33 Crop Rotation
50:31 Coinage
50:12 Guilds
50:12 Champi Runner
50:43 Champi Warrior
51:45 Elite Champi Warrior
恆浪蕩
8:30 Feudal Age
9:38 Double-Bit Axe
12:33 Loom
14:23 Horse Collar
16:05 Wheelbarrow
20:29 Castle Age
18:56 Gold Mining
19:24 Bloodlines
19:54 Forging
20:21 Scale Barding Armor
25:42 Hand Cart
30:42 Imperial Age
29:48 Chain Barding Armor
30:03 Iron Casting
29:56 Bow Saw
29:47 Heavy Plow
30:23 Gold Shaft Mining
30:03 Stone Mining
30:20 Light Cavalry
30:51 Cavalier
32:50 Paladin
34:54 Plate Barding Armor
35:04 Devotion
36:30 Blast Furnace
37:10 Steppe Husbandry
37:40 Hussar
40:05 Pikeman
40:45 Squires
41:03 Halberdier
41:45 Scale Mail Armor
42:56 Chain Mail Armor
48:22 Plate Mail Armor
48:34 Conscription
48:32 Town Watch
49:27 Fletching
50:24 Crop Rotation
50:30 Murder Holes
50:56 Ballistics
50:32 Bodkin Arrow
51:45 Caravan
PAI
8:17 Loom
10:35 Feudal Age
19:39 Castle Age
18:27 Fletching
19:35 Padded Archer Armor
19:45 Double-Bit Axe
20:01 Horse Collar
23:31 Bow Saw
25:28 Heavy Plow
26:35 Bodkin Arrow
27:53 Wheelbarrow
27:43 Gold Mining
27:43 Stone Mining
27:57 Elite Skirmisher
29:33 Hand Cart
31:45 Leather Archer Armor
35:45 Imperial Age
35:50 Stone Shaft Mining
35:01 Town Watch
36:29 Bracer
37:30 Chemistry
37:42 Ring Archer Armor
37:27 Masonry
37:42 Conscription
38:45 Two-Man Saw
37:54 Treadmill Crane
39:03 Scale Mail Armor
39:05 Pikeman
39:46 Squires
40:02 Chain Mail Armor
39:57 Forging
39:58 Halberdier
44:24 Perfusion
50:40 Iron Casting
51:16 Anarchy
51:59 Guilds
52:20 Coinage
51:51 Caravan
52:39 Architecture
Connection lost

Rejoining the realm…

Still unreachable

The connection could not be restored.

Session expired

The server has moved on; the page needs a fresh start.